 Dungeon Crawl Stone Soup version 0.28.0-53-g5a82cb258f (webtiles) character file.

Game seed: 12291284854130073315

711 Descartes the Chopper (level 8, -1/58 HPs)
             Began as a Formicid Warper on July 22, 2022.
             Killed from afar by an orc wizard (10 damage)
             ... with a magic dart
             ... on level 5 of the Dungeon.
             The game lasted 00:09:26 (5693 turns).

Descartes the Chopper (Formicid Warper)             Turns: 5693, Time: 00:09:26

Health: -1/58      AC:  6    Str: 18    XL:     8   Next: 0%
Magic:  12/12      EV: 11    Int: 13    God:
Gold:   248        SH:  5    Dex: 12    Spells: 13/13 levels left

rFire   . . .      SeeInvis +   j - +6 long sword "Xupho" {vorpal, rPois Dex+2}
rCold   . . .      Faith    .   h - +0 buckler
rNeg    . . .      Spirit   .   b - +0 leather armour
rPois   +          Reflect  .   (helmet unavailable)
rElec   .          Harm     .   o - +2 cloak
rCorr   .          Rampage  .   (no gloves)
Will    .....                   (no boots)
Stlth   +.........              (no amulet)
HPRegen 0.19/turn               (no ring)
MPRegen 0.13/turn               (no ring)

@: no status effects
A: permanent stasis, dig shafts and tunnels, antennae 3, four strong arms
a: Dig, Shaft Self


You were on level 5 of the Dungeon.
You visited 1 branch of the dungeon, and saw 5 of its levels.
You also visited: Sewer.

You collected 248 gold pieces.

Inventory:

Hand Weapons
 d - a +2 short sword of flaming
 f - a +0 war axe
 j - the +6 long sword "Xupho" (weapon) {vorpal, rPois Dex+2}
   (You found it in a sewer)

   It inflicts extra damage upon your enemies.
   Dex:       It affects your dexterity (+2).
   rPois:     It protects you from poison.
 p - a +0 hunting sling
 z - a +2 dagger of draining
Missiles
 c - 5 boomerangs of dispersal (quivered)
 q - 101 stones
 r - 2 datura-tipped darts
 s - 56 arrows
 t - 4 boomerangs
 v - 45 sling bullets
 C - 24 bolts
Armour
 b - a +0 leather armour (worn)
 h - a +0 buckler (worn)
 o - a +2 cloak (worn)
Jewellery
 e - a ring of fire
Wands
 x - a wand of paralysis (9)
 y - a wand of mindburst (13)
Scrolls
 g - 2 scrolls of teleportation
 l - a scroll of enchant weapon {unknown}
 u - a scroll of torment {unknown}
 w - a scroll of magic mapping
 A - a scroll of identify
 B - 2 scrolls of blinking
 E - a scroll of enchant armour {unknown}
 F - a scroll of fear
Potions
 a - a potion of might {unknown}
 i - a potion of degeneration {unknown}
 k - 2 potions of curing
 m - a potion of brilliance
 n - a potion of attraction {unknown}
 D - a potion of heal wounds {unknown}


   Skills:
 + Level 3.4 Fighting
 + Level 0.0(0.1) Short Blades
 + Level 0.2 Long Blades
 + Level 4.2 Axes
 + Level 0.0(2.4) Maces & Flails
 + Level 0.0(2.4) Polearms
 + Level 2.7 Throwing
 + Level 2.9 Armour
 - Level 1.7 Dodging
 * Level 4.1 Shields
 + Level 3.2 Spellcasting
 + Level 3.6 Translocations
 + Level 1.8 Evocations


You had 13 spell levels left.
You didn't know any spells.
Your spell library contained the following spells:

 Spells                   Type           Power      Damage    Failure   Level
 Gell's Gravitas          Tloc           11%        N/A       22%         3
 Lesser Beckoning         Tloc           11%        N/A       22%         3
 Teleport Other           Tloc           11%        N/A       22%         3
 Manifold Assault         Tloc           11%        N/A       90%         5
 Blink                    Tloc           Unusable   N/A       N/A         2

Dungeon Overview and Level Annotations

Branches:
Dungeon (5/15)              Sewer (visited)
 Temple: D:4-7

Altars:

Shops:
D:1 =:

Annotations:
D:5 Blork the orc


Innate Abilities, Weirdness & Mutations

You cannot be hasted, slowed, berserked, paralysed or teleported.
You can dig through walls and to a lower floor.
You have a pair of large antennae on your head. (SInv)
Your four strong arms can wield two-handed weapons with a shield.


Message History

Blork the orc hits you with a +0 war axe!
You closely miss Blork the orc. The orc closely misses you.
Blork the orc hits you with a +0 war axe!
The orc priest miscasts a cantrip.
An orc wizard comes into view. It is wielding a +0 dagger.
The orc hits you but does no damage.
You hit Blork the orc.
Blork the orc is moderately wounded.
You block Blork the orc's attack. The orc hits you with a +0 dagger.
Blork the orc points at you and mumbles some strange words.
The magic dart hits you.
The orc wizard casts a spell.
The orc wizard flickers and vanishes for a moment.
You hit Blork the orc.
Blork the orc is heavily wounded.
You block the orc's attack. Blork the orc closely misses you.
The orc hits you but does no damage.
You slash Blork the orc!
Blork the orc is almost dead.
Blork the orc casts a spell at you. The magic dart hits you.
The orc priest mumbles some strange prayers to Beogh against you.
Beogh smites you!
* * * LOW HITPOINT WARNING * * *
Blork the orc screams, "I'll break your arms!"
Blork the orc miscasts a cantrip.
The orc wizard casts a spell.
The orc wizard flickers and vanishes for a moment.
You are too injured to fight recklessly!
You are too injured to fight recklessly!
Blork the orc casts a spell at you. The puff of flame misses you.
The orc wizard gestures at you while chanting.
The magic dart hits you!
* * * LOW HITPOINT WARNING * * *
There is a stone staircase leading down here.
Blork the orc gestures wildly while chanting.
Blork the orc seems to speed up.
The orc wizard casts a spell at you. The magic dart hits you!
You die...

#.### ....# .#
....#########.
.#
..............
.#
....############
.#
...............#
.# ####
##############.#
.#.....
#.####ooo....
#..@.oooo....
#############


You could see Blork the orc (fast), an orc priest, 3 orc wizards and 2 orcs.

Vanquished Creatures
  Grinder (D:3)
  A phantom (D:4)
  2 bullfrogs (Sewer)
  A bullfrog skeleton (D:3)
  Ijyb (D:3)
  4 gnolls (D:2)
  11 adders
  A white imp (D:3)
  An ufetubus (D:4)
  An adder skeleton (D:4)
  2 worms
  2 dart slugs (D:1)
  8 orcs
  6 endoplasms
  4 giant cockroaches
  4 goblins
  3 hobgoblins (D:1)
  2 jackals (D:2)
  9 kobolds
  4 quokkas
  6 ball pythons
  5 bats
  10 frilled lizards
  8 rats
97 creatures vanquished.

Notes
Turn   | Place    | Note
-------+----------+-------------------------------------------
     0 | D:1      | Descartes the Formicid Warper began the quest for the Orb.
     0 | D:1      | Reached XP level 1. HP: 16/16 MP: 3/3
   265 | D:1      | Reached XP level 2. HP: 18/22 MP: 5/5
   738 | D:1      | Found Koemag's Jewellery Boutique.
   742 | D:1      | Reached XP level 3. HP: 28/28 MP: 6/6
   836 | D:1      | Reached skill level 1 in Shields
   896 | D:1      | Found Dipluh's Book Shoppe.
  1205 | D:1      | Found a faded altar of an unknown god.
  1205 | D:1      | Noticed a sixfirhy
  1542 | D:2      | Reached XP level 4. HP: 34/34 MP: 7/7
  2033 | D:2      | Reached XP level 5. HP: 29/39 MP: 8/8
  3558 | D:3      | Noticed Ijyb
  3568 | D:3      | Killed Ijyb
  3882 | D:3      | Noticed Grinder
  3894 | D:3      | Reached XP level 6. HP: 12/46 MP: 10/10
  4317 | D:3      | Killed Grinder
  4318 | D:3      | Reached skill level 1 in Evocations
  4318 | D:3      | Reached XP level 7. HP: 52/52 MP: 11/11
  4434 | D:4      | Found a glowing drain.
  4449 | Sewer    | Entered a sewer
  4892 | Sewer    | Identified the +6 long sword "Xupho" {vorpal, rPois Dex+2}
  5435 | D:4      | Reached XP level 8. HP: 58/58 MP: 12/12
  5633 | D:5      | Entered Level 5 of the Dungeon
  5682 | D:5      | Noticed Blork the orc
  5693 | D:5      | Killed from afar by an orc wizard

Illustrated notes

Levels and vault maps discovered:
D:1:      lightli_arrival_farm, layout_basic, serial_shops, shop,
          nicolae_shop_crystal, dreamdust_ecumenical_altar_sealed_demon
D:2:      layout_loops_cross, minmay_diced_spiral
D:3:      layout_basic, uniq_grinder, uniq_ijyb
D:4:      layout_cave_pools, cheibrodos_sewer_entry_bend
D:5:      layout_loops_ring, mainiacjoe_overflow_24_doors,
          nicolae_overflow_quartered_altars, jmf_multi_god_temple,
          uniq_blork_the_orc

Skill      XL: |  1  2  3  4  5  6  7 |
---------------+----------------------+-----
Shields        | 1 2 3 4 |  4.1
Translocations | 3 |  3.6
Axes           | 3 4 |  4.2
Armour         | 2 |  2.9
Throwing       | 2 |  2.7
Fighting       | 3 |  3.4
Spellcasting   | 3 |  3.2
Evocations     | 1 |  1.8
Long Blades    | |  0.2
Dodging        | |  1.7

Action                   |  1- 3 |  4- 6 |  7- 9 || total
-------------------------+-------+-------+-------++-------
Melee: Short sword       |    68 |   142 |    67 ||   277
       Hand axe          |     7 |       |       ||     7
       Long sword        |       |       |    31 ||    31
Evoke: Wand              |       |     3 |       ||     3
  Use: Potion            |       |     2 |       ||     2
       Scroll            |       |       |     4 ||     4
 Stab: Sleeping          |     1 |       |       ||     1
       Paralysed         |       |     8 |       ||     8
Armor: Leather armour    |    24 |    51 |    35 ||   110
Dodge: Dodged            |    44 |    77 |    59 ||   180
Block: Buckler           |     4 |    19 |    17 ||    40
